 Dungeon Crawl Stone Soup version 0.31.0-11-ge490571c62 (webtiles) character file.

Game seed: 8069329450579448650

28599 inmateoo the Severer (level 13, -10/117 HPs)
             Began as a Minotaur Fighter on Jan 30, 2024.
             Mangled by a tengu warrior
             ... wielding a +0 great mace
              (21 damage)
             ... on level 13 of the Dungeon.
             The game lasted 00:14:21 (12680 turns).

inmateoo the Severer (Minotaur Fighter)            Turns: 12680, Time: 00:14:21

Health: -10/117    AC: 11    Str: 26    XL:     13   Next: 10%
Magic:  12/12      EV: 14    Int:  3    God:
Gold:   1625       SH:  6    Dex: 13    Spells: 12/12 levels left

rFire   . . .        D - +5 war axe of Gin and Tonic {heavy, Fly Str+3 Int-2}
rCold   . . .        c - +0 buckler
rNeg    . . .        M - +0 acid dragon scales
rPois   .            a - +1 hat
rElec   .            C - +0 cloak
rCorr   +            J - +0 pair of gloves
SInv    .            (no boots)
Will    .....        e - amulet of regeneration
Stlth   +            y - ring of resist corrosion
HPRegen 1.19/turn    (no ring)
MPRegen 0.13/turn

%: no passive effects
@: flying
A: horns 2, retaliatory headbutt
a: no special abilities


You were on level 13 of the Dungeon.
You visited 1 branch of the dungeon, and saw 13 of its levels.
You also visited: Ossuary and Bailey.

You collected 2190 gold pieces.
You spent 565 gold pieces at shops.

Inventory:

Hand Weapons
 h - a +4 whip of draining
 D - the +5 war axe of Gin and Tonic (weapon) {heavy, Fly Str+3 Int-2}
   (You found it on level 7 of the Dungeon)

   Str+3:     It affects your strength (+3).
   Int-2:     It affects your intelligence (-2).
   Fly:       It grants you flight.
 I - a +2 heavy broad axe
Missiles
 g - 40 poisoned darts
 H - 11 boomerangs (quivered)
Armour
 a - a +1 hat (worn)
 c - a +0 buckler (worn)
 C - a +0 cloak (worn)
 J - a +0 pair of gloves (worn)
 M - +0 acid dragon scales (worn)
Jewellery
 e - an amulet of regeneration (around neck)
 y - a ring of resist corrosion (left hand)
Wands
 n - a wand of digging (8)
 t - a wand of mindburst (6)
 E - a wand of polymorph (1)
 K - a wand of flame (20)
 O - a wand of light (4)
Scrolls
 b - 2 scrolls of amnesia
 i - 5 scrolls of enchant armour
 m - a scroll of vulnerability
 o - a scroll of silence
 p - a scroll of immolation
 r - 3 scrolls of revelation
 u - 4 scrolls of poison
 v - 4 scrolls of fear
 w - 6 scrolls of teleportation
 B - 2 scrolls of butterflies
 F - 6 scrolls of identify
 P - a scroll of acquirement
Potions
 d - 3 potions of might
 f - 2 potions of lignification
 j - 5 potions of curing
 k - 4 potions of magic
 l - 2 potions of attraction
 q - a potion of brilliance
 s - a potion of ambrosia
 x - a potion of haste
 z - a potion of mutation
 A - a potion of cancellation
 G - 5 potions of heal wounds
 L - a potion of enlightenment
 N - a potion of invisibility


   Skills:
 + Level 11.9 Fighting
 - Level 18.0 Axes
 - Level 8.0 Throwing
 - Level 8.0 Armour
 - Level 8.0 Dodging
 - Level 8.0 Shields


You had 12 spell levels left.
You didn't know any spells.
Your spell library contained the following spells:

 Spells                   Type           Power      Damage    Failure   Level
 Slow                     Hex            0%         N/A       63%         1
 Sting                    Conj/Alch      0%         1d3       63%         1
 Summon Small Mammal      Summ           0%         N/A       63%         1
 Mercury Vapours          Alch/Air       0%         N/A       77%         2
 Call Canine Familiar     Summ           0%         N/A       94%         3
 Confusing Touch          Hex            0%         N/A       94%         3
 Sigil of Binding         Hex            0%         N/A       94%         3
 Vampiric Draining        Necr           0%         2d6       94%         3
 Leda's Liquefaction      Alch/Erth      0%         N/A       100%        4
 Summon Blazeheart Golem  Fire/Summ      0%         N/A       100%        4
 Yara's Violent Unravell  Hex/Alch       0%         3d3       100%        5


Dungeon Overview and Level Annotations

Branches:
Dungeon (13/15)            Temple (0/1) D:7            Lair (0/5) D:8
    Orc (0/2) D:9          Vaults (0/5) D:13        Ossuary (visited)
 Bailey (visited)

Altars:
Cheibriados
Dithmenos
Fedhas
Gozag
Hepliaklqana
Kikubaaqudgha
Nemelex Xobeh
Sif Muna
Vehumet
Yredelemnul
The Shining One

Shops:
D:2 ?   D:7 ?   D:10 ?

Annotations:
D:5 1 transporter


Innate Abilities, Weirdness & Mutations

You have a pair of horns on your head.
You reflexively headbutt those who attack you in melee.


Message History

The deep elf pyromancer is almost dead.
The deep elf pyromancer hits you but does no damage.
The deep elf pyromancer misses you. You furiously retaliate!
You headbutt the deep elf pyromancer. You slice the deep elf pyromancer!!
You kill the deep elf pyromancer!
No target in view!
Things that are here:
a +4 rapier; a +0 scale mail; an elf corpse HP restored.
Found a falchion.
You see here a +0 falchion.
A tengu warrior comes into view. It is wielding a +0 great mace.
The tengu warrior shouts!
The tengu warrior unwields a +0 great mace.
The tengu warrior wields a +0 arbalest.
The tengu warrior shoots a bolt.
The bolt hits you.
A tengu warrior is nearby!
The tengu warrior shoots a bolt.
The bolt hits you!!
The tengu warrior shoots a bolt.
The bolt hits you!!
The tengu warrior shoots a bolt.
The bolt hits you!!
The tengu warrior shoots a bolt.
The bolt hits you!!
* * * LOW HITPOINT WARNING * * *
You are too injured to fight recklessly!
The tengu warrior unwields a +0 arbalest.
The tengu warrior wields a +0 great mace.
The tengu warrior closely misses you.
The tengu warrior pecks you but does no damage.
The tengu warrior closely misses you.
You barely miss the tengu warrior. You headbutt the tengu warrior.
The tengu warrior is lightly wounded.
The tengu warrior hits you with a +0 great mace!!
* * * LOW HITPOINT WARNING * * *
The tengu warrior pecks you but does no damage.
The tengu warrior claws you.
* * * LOW HITPOINT WARNING * * *
You miss the tengu warrior. Your headbutt misses the tengu warrior.
The tengu warrior is lightly wounded.
The tengu warrior hits you with a +0 great mace!!
You die...

##### ..... #####
############# #
#.......)...#####.##
#.#########....@Q..#
#.# #######..#
##.####### .#
.........# #
...#####.# .### .#
.# .#


You could see a tengu warrior.

Vanquished Creatures
  2 centaur warriors (D:13)
  An ogre mage (D:12)
  6 two-headed ogres
  Nergalle (D:10)
  3 orc knights
  4 deep elf pyromancers
  2 manticores
  A cyclops (D:12)
  An orc sorcerer (Bailey)
  An ugly thing (D:11)
  10 slime creatures (D:12)
  2 gargoyles
  Joseph (D:10)
  Maggie (D:10)
  3 kobold demonologists
  A cane toad (shapeshifter) (D:13)
  4 trolls
  2 hornets
  Sigmund (D:2)
  A wraith (D:9)
  8 wyverns
  7 yaks
  A basilisk (D:13)
  16 humans (D:13)
  2 steam dragons
  4 vampire mosquitoes (D:12)
  3 water moccasins
  3 acid dragons
  2 ice beasts (D:6)
  A black bear (D:6)
  12 orc warriors
  6 centaurs
  6 ogres
  A phantom (D:4)
  5 kobold brigands
  A weeping skull (D:6)
  An elf zombie (Ossuary)
  3 gnoll sergeants
  5 scorpions
  3 bullfrogs
  2 burial acolytes (Ossuary)
  6 wights
  20 killer bees
  4 howler monkeys
  3 electric eels (Bailey)
  A bombardier beetle (D:6)
  A centaur zombie (Ossuary)
  2 hounds
  A human zombie (Ossuary)
  3 jellies
  4 orc priests
  2 sleepcaps
  4 iguanas
  11 orc wizards
  A hound zombie (Ossuary)
  A howler monkey zombie (Ossuary)
  2 mummies (Ossuary)
  22 gnolls
  7 adders
  A shadow imp (D:6)
  6 ufetubi
  A ribbon worm (D:3)
  6 dart slugs
  33 orcs
  6 ball pythons
  4 bats
  12 endoplasms
  4 giant cockroaches
  12 goblins
  20 hobgoblins
  24 kobolds
  5 quokkas
  3 frilled lizards
  2 rats (D:1)
  A spectral orc (D:6)
375 creatures vanquished.

Vanquished Creatures (others)
  An orc wizard (D:6)
1 creature vanquished.

Grand Total: 376 creatures vanquished

Notes
Turn   | Place    | Note
-------+----------+-------------------------------------------
     0 | D:1      | inmateoo the Minotaur Fighter began the quest for the Orb.
     0 | D:1      | Reached XP level 1. HP: 19/19 MP: 0/0
   108 | D:1      | Reached XP level 2. HP: 23/27 MP: 1/1
   194 | D:1      | Reached skill level 3 in Axes
   363 | D:1      | Reached XP level 3. HP: 33/33 MP: 2/2
   778 | D:2      | Found Puvawk's Magic Scroll Shoppe.
   802 | D:2      | Reached skill level 1 in Dodging
  1039 | D:2      | Noticed Sigmund
  1045 | D:2      | Killed Sigmund
  1046 | D:2      | Reached skill level 4 in Axes
  1046 | D:2      | Reached XP level 4. HP: 41/41 MP: 3/3
  1046 | D:2      | Reached XP level 5. HP: 47/47 MP: 4/4
  1186 | D:2      | Found a faded altar of an unknown god.
  1310 | D:3      | Found a snail-covered altar of Cheibriados.
  1342 | D:3      | Reached XP level 6. HP: 50/53 MP: 5/5
  1430 | D:3      | Found an opulent altar of Gozag.
  1439 | D:3      | Reached skill level 5 in Axes
  1475 | D:3      | Found an ancient bone altar of Kikubaaqudgha.
  2090 | D:3      | Reached skill level 5 in Fighting
  2090 | D:3      | Reached skill level 5 in Armour
  2219 | D:3      | Found a shadowy altar of Dithmenos.
  2222 | D:3      | Found a glowing golden altar of the Shining One.
  2227 | D:3      | Found a radiant altar of Vehumet.
  2385 | D:4      | Reached skill level 5 in Shields
  2385 | D:4      | Reached XP level 7. HP: 56/61 MP: 6/6
  2624 | D:4      | Identified the +9 dagger of Sulphur {freeze, ^Fragile rElec
                  | Str+3 Dex+2}
  2732 | D:4      | Reached skill level 6 in Axes
  2886 | D:4      | Found a blossoming altar of Fedhas.
  3035 | D:5      | Entered Level 5 of the Dungeon
  3139 | D:5      | Found a sparkling altar of Nemelex Xobeh.
  3139 | D:5      | Found a transporter.
  3140 | D:5      | Noticed a yak
  3611 | D:5      | Reached skill level 7 in Axes
  3611 | D:5      | Reached XP level 8. HP: 58/70 MP: 7/7
  4102 | D:6      | Reached skill level 8 in Axes
  4148 | D:6      | Found a sand-covered staircase.
  4155 | Ossuary  | Entered an ossuary
  4155 | Ossuary  | Found a huge runed translucent gate.
  4155 | Ossuary  | Found a huge runed translucent gate.
  4155 | Ossuary  | Found a huge runed translucent gate.
  4155 | Ossuary  | Found a huge runed translucent gate.
  4155 | Ossuary  | Found a huge runed translucent gate.
  4155 | Ossuary  | Found a huge runed translucent gate.
  4155 | Ossuary  | Found a huge runed translucent gate.
  4155 | Ossuary  | Found a huge runed translucent gate.
  4158 | Ossuary  | Found a huge runed translucent gate.
  4158 | Ossuary  | Found a huge runed translucent gate.
  4158 | Ossuary  | Found a huge runed translucent gate.
  4159 | Ossuary  | Found a huge runed translucent gate.
  4159 | Ossuary  | Found a huge runed translucent gate.
  4161 | Ossuary  | Found a huge runed translucent gate.
  4161 | Ossuary  | Found a huge runed translucent gate.
  4170 | Ossuary  | Found a huge runed translucent gate.
  4170 | Ossuary  | Found a huge runed translucent gate.
  4170 | Ossuary  | Found a huge runed translucent gate.
  4170 | Ossuary  | Found a huge runed translucent gate.
  4171 | Ossuary  | Found a huge runed translucent gate.
  4171 | Ossuary  | Found a huge runed translucent gate.
  4171 | Ossuary  | Found a huge runed translucent gate.
  4183 | Ossuary  | Found a huge runed translucent gate.
  4183 | Ossuary  | Found a huge runed translucent gate.
  4184 | Ossuary  | Found a huge runed translucent gate.
  4184 | Ossuary  | Found a huge runed translucent gate.
  4185 | Ossuary  | Found a huge runed translucent gate.
  4185 | Ossuary  | Found a huge runed translucent gate.
  4187 | Ossuary  | Found a huge runed translucent gate.
  4187 | Ossuary  | Found a huge runed translucent gate.
  4202 | Ossuary  | Found a huge runed translucent gate.
  4202 | Ossuary  | Found a huge runed translucent gate.
  4202 | Ossuary  | Found a huge runed translucent gate.
  4202 | Ossuary  | Found a huge runed translucent gate.
  4203 | Ossuary  | Found a huge runed translucent gate.
  4266 | Ossuary  | Reached XP level 9. HP: 54/78 MP: 8/8
  4440 | D:6      | Reached skill level 5 in Dodging
  4444 | D:6      | Found a shimmering blue altar of Sif Muna.
  4458 | D:6      | Reached skill level 9 in Axes
  4854 | D:6      | Found a basalt altar of Yredelemnul.
  5105 | D:7      | Found a staircase to the Ecumenical Temple.
  5818 | D:7      | Identified the +5 war axe of Gin and Tonic {heavy, Fly
                  | Str+3 Int-2}
  5900 | D:7      | Found Nusaurch's Magic Scroll Boutique.
  6477 | D:2      | Bought a scroll of enchant armour for 90 gold pieces
  6477 | D:2      | Bought a scroll of enchant weapon for 90 gold pieces
  6477 | D:2      | Bought a scroll of revelation for 90 gold pieces
  6477 | D:2      | Bought a scroll of identify for 24 gold pieces
  6477 | D:2      | Bought a scroll of identify for 24 gold pieces
  6709 | D:8      | Found a hazy altar of Hepliaklqana.
  6913 | D:8      | Reached skill level 10 in Axes
  7011 | D:8      | Found a staircase to the Lair.
  7565 | D:9      | Reached XP level 10. HP: 88/88 MP: 9/9
  7642 | D:9      | Found a flagged portal.
  7658 | Bailey   | Entered a bailey
  7923 | Bailey   | Noticed an orc sorcerer
  7926 | Bailey   | Killed an orc sorcerer
  7927 | Bailey   | Reached skill level 11 in Axes
  7927 | Bailey   | Reached skill level 1 in Throwing
  7956 | Bailey   | Noticed an orc knight
  7971 | Bailey   | Killed an orc knight
  8048 | Bailey   | Acquired 907 gold pieces
  8072 | Bailey   | Noticed an orc knight
  8081 | Bailey   | Killed an orc knight
  8175 | Bailey   | Found an iron altar of Okawaru.
  8181 | Bailey   | Reached skill level 12 in Axes
  8229 | Bailey   | Identified the +1 rapier of Inflation {drain, MP+9 Str+5}
  8245 | Bailey   | Got the Anthology of the Catalyst
  8447 | D:9      | Noticed a two-headed ogre
  8455 | D:9      | Killed a two-headed ogre
  8456 | D:9      | Reached XP level 11. HP: 43/97 MP: 10/10
  8643 | D:9      | Found a staircase to the Orcish Mines.
  9105 | D:9      | Reached skill level 13 in Axes
  9361 | D:10     | Entered Level 10 of the Dungeon
  9489 | D:10     | Reached skill level 10 in Fighting
  9542 | D:10     | Found Uthrafaa's Magic Scroll Emporium.
  9547 | D:10     | Bought 3 scrolls of teleportation for 135 gold pieces
  9547 | D:10     | Bought a scroll of revelation for 112 gold pieces
  9565 | D:10     | Noticed Joseph
  9572 | D:10     | Killed Joseph
  9603 | D:10     | Identified the +1 leather armour of Follow the Leader
                  | {rCorr}
  9637 | D:10     | Noticed Nergalle
  9642 | D:10     | Killed Nergalle
  9649 | D:10     | Reached skill level 5 in Throwing
  9897 | D:10     | Noticed Maggie
  9902 | D:10     | Killed Maggie
  9903 | D:10     | Reached skill level 14 in Axes
 10211 | D:11     | Noticed a deep elf pyromancer
 10218 | D:11     | Killed a deep elf pyromancer
 10233 | D:11     | Paralysed by a hornet for 3 turns
 10449 | D:11     | Noticed a green ugly thing
 10453 | D:11     | Killed a green ugly thing
 10648 | D:11     | Reached skill level 15 in Axes
 10708 | D:11     | Reached XP level 12. HP: 48/106 MP: 11/11
 11038 | D:12     | Noticed an ogre mage
 11038 | D:12     | Noticed a two-headed ogre
 11038 | D:12     | Noticed a two-headed ogre
 11039 | D:12     | Noticed a two-headed ogre
 11039 | D:12     | Noticed a two-headed ogre
 11060 | D:11     | Killed a two-headed ogre
 11208 | D:10     | Killed a two-headed ogre
 11235 | D:11     | Killed a two-headed ogre
 11295 | D:11     | Killed a two-headed ogre
 11365 | D:12     | Killed an ogre mage
 11366 | D:12     | Reached skill level 16 in Axes
 11843 | D:12     | Reached skill level 17 in Axes
 12102 | D:13     | Noticed a centaur warrior
 12102 | D:13     | Noticed a two-headed ogre
 12102 | D:13     | Found a gate to the Vaults.
 12196 | D:13     | Noticed a centaur warrior
 12205 | D:13     | Killed a centaur warrior
 12296 | D:13     | Reached skill level 18 in Axes
 12299 | D:13     | a wind drake changed into an entropy weaver
 12299 | D:13     | Noticed an entropy weaver (shapeshifter)
 12485 | D:13     | Killed a centaur warrior
 12486 | D:13     | Reached XP level 13. HP: 105/116 MP: 12/12
 12680 | D:13     | Mangled by a tengu warrior

Illustrated notes

Levels and vault maps discovered:
D:1:      minmay_arrival_hallway, layout_loops_ring, minmay_heptomino_h4
D:2:      layout_basic, serial_shops, shop,
          chequers_ecumenical_altar_simple_redux, uniq_sigmund
D:3:      layout_basic, mainiacjoe_overflow_tiny_flanked, slow_altar_1,
          nicolae_gozag_seed_capital, grunt_temple_overflow_diamond,
          minmay_pentangle
D:4:      layout_gridville, fedhas_altar_3, kennysheep_donut
D:5:      layout_basic, grunt_nemelex_the_gamble
D:6:      layout_loops_ring, yredelemnul_forgotten_temple_becter,
          kennysheep_orc_sif_temple, chequers_ossuary_entry_cave
D:7:      layout_layer_cave, minmay_temple_entry_hall, serial_shops,
          nicolae_shop_tiny_glass, minivault_22
D:8:      layout_loops_corners, worldfamousw_hep_ancestral_shrine,
          lair_entry_dummy
D:9:      layout_grid_maze, orc_0_dummy, enter_bailey_4, minmay_starry_boxes
D:10:     layout_basic, serial_shops, nicolae_shop_hallway_plus, uniq_joseph,
          uniq_nergalle, uniq_maggie
D:11:     layout_cave_pools
D:12:     layout_gridville
D:13:     layout_loops_ring, david_vaults_3, kennysheep_doodads

Skill      XL: |  1  2  3  4  5  6  7  8  9 10 11 12 |
---------------+-------------------------------------+-----
Axes           | 3 4 5 7 8 10 12 15 18 | 18.0
Fighting       | 4 5 6 8 9 10 11 | 11.9
Armour         | 4 5 6 7 8 |  8.0
Dodging        | 2 3 4 6 7 8 |  8.0
Shields        | 4 5 6 7 8 |  8.0
Throwing       | 3 6 8 |  8.0

Action                     |  1- 3 |  4- 6 |  7- 9 | 10-12 | 13-15 || total
---------------------------+-------+-------+-------+-------+-------++-------
  Melee: War axe           |    69 |    79 |   273 |   359 |    24 ||   804
         Headbutt          |     9 |     6 |    59 |    75 |     5 ||   154
  Evoke: Wand              |       |       |       |     5 |       ||     5
    Use: Scroll            |       |    13 |     9 |    10 |       ||    32
   Stab: Held in net/web   |       |       |     1 |       |       ||     1
 Armour: Scale mail        |    35 |    35 |   192 |   169 |       ||   431
         Acid dragon scale |       |       |       |   162 |    20 ||   182
  Dodge: Dodged            |    23 |    30 |   131 |   244 |     7 ||   435
  Block: Buckler           |    12 |    21 |    60 |   126 |     3 ||   222
